[Event "FIDE World Senior-50 CC 2023"]
[Site "Terrasini"]
[Date "2023.10.26"]
[Round "2.3"]
[White "Prasad, Devaki V"]
[Black "Sturua, Zurab"]
[Result "1/2-1/2"]
[ECO "C54"]
[WhiteElo "2200"]
[BlackElo "2514"]
[Annotator "RC"]
[PlyCount "69"]
[EventDate "2023.10.22"]
[EventType "swiss"]
[EventCountry "ITA"]
[SourceTitle "playchess.com"]
[Source "ChessBase"]
[SourceQuality "1"]
[TimeControl "40/5400+30:1800+30"]

1. e4 e5 2. Nf3 Nc6 3. Bc4 Bc5 4. c3 Nf6 5. d3 d6 6. O-O a6 7. a4 O-O 8. h3 Ba7 9. Re1 Be6 10. Bxe6 fxe6 11. Nbd2 Nh5 12. Nf1 Qe8 13. Be3 Nf4 14. Bxa7 Rxa7 15. Re3 Qg6 16. Ng3 Raa8 17. d4 a5 18. Qf1 exd4 19. cxd4 Nb4 20. Rc1 Rf7 21. Qb5 b6 22. Qg5 Raf8 23. Qxg6 Nxg6 24. Ng5 Re7 25. Ne2 h6 26. Nf3 Rd7 27. g3 c5 28. Nd2 Rdf7 29. f4 cxd4 30. Nxd4 e5 31. Ne6 exf4 32. gxf4 Re8 33. f5 Nf8 34. Nd4 Nd7 35. Nc4 1/2-1/2

[Event "FIDE World Senior-50 CC 2023"]
[Site "Terrasini"]
[Date "2023.10.26"]
[Round "2.4"]
[White "Morovic Fernandez, Ivan"]
[Black "Boulard, Eric"]
[Result "1-0"]
[ECO "B73"]
[WhiteElo "2488"]
[BlackElo "2181"]
[Annotator "RC"]
[PlyCount "83"]
[EventDate "2023.10.22"]
[EventType "swiss"]
[EventCountry "ITA"]
[SourceTitle "playchess.com"]
[Source "ChessBase"]
[SourceQuality "1"]
[TimeControl "40/5400+30:1800+30"]

1. e4 c5 2. Nf3 d6 3. d4 cxd4 4. Nxd4 Nf6 5. Nc3 g6 6. Be2 Bg7 7. O-O O-O 8. Be3 Nc6 9. Qd2 Ng4 10. Bxg4 Bxg4 11. Nd5 Rc8 12. c4 Nxd4 13. Bxd4 Rxc4 14. Bxg7 Kxg7 15. Ne3 Qc8 16. Nxc4 Qxc4 17. Rfc1 Qa6 18. Qg5 Be6 19. Qxe7 Qb6 20. b3 a6 21. Qc7 Qb4 22. Qc3+ Qxc3 23. Rxc3 d5 24. exd5 Bxd5 25. f3 Bc6 26. Rd1 Re8 27. Kf2 Re5 28. Rd6 Bb5 29. Rc2 a5 30. g4 g5 31. a4 Bc6 32. Rc3 h6 33. h3 Kh7 34. Rf6 Rd5 35. Rxf7+ Kg6 36. Re7 Rd1 37. Rce3 Bd5 38. Rd7 Bxb3 39. Rxb7 Ba2 40. Rb6+ Kf7 41. Rxh6 Bc4 42. Re5 1-0

[Event "FIDE World Senior-50 CC 2023"]
[Site "Terrasini"]
[Date "2023.10.26"]
[Round "2.5"]
[White "Bischoff, Klaus"]
[Black "Herrera Ortiz, Miguel"]
[Result "1-0"]
[ECO "A84"]
[WhiteElo "2473"]
[BlackElo "2177"]
[Annotator "RC"]
[PlyCount "87"]
[EventDate "2023.10.22"]
[EventType "swiss"]
[EventCountry "ITA"]
[SourceTitle "playchess.com"]
[Source "ChessBase"]
[SourceQuality "1"]
[TimeControl "40/5400+30:1800+30"]

1. d4 e6 2. c4 f5 3. Nf3 Nf6 4. e3 b6 5. Be2 Bb7 6. O-O Be7 7. Nc3 Ne4 8. Nxe4 fxe4 9. Nd2 O-O 10. f3 exf3 11. Nxf3 Bf6 12. Bd2 Nc6 13. Qc2 Qe8 14. Bd3 Qh5 15. Bc3 d6 16. Rae1 Ne7 17. Be4 d5 18. cxd5 exd5 19. Bd3 a5 20. Re2 Ba6 21. Bxa6 Rxa6 22. Be1 Ra7 23. Bg3 Rc8 24. e4 dxe4 25. Rxe4 Kh8 26. Ne5 Bxe5 27. Rxe5 Qg6 28. Qc4 Ng8 29. Re6 Qg4 30. Be5 c5 31. h3 b5 32. Qd5 Qg5 33. dxc5 Rd8 34. Rd6 Re8 35. Bd4 Qxd5 36. Rxd5 Rc7 37. a3 h6 38. Rd6 Kh7 39. Rb6 Re4 40. Bc3 Rxc5 41. Rb7 Ne7 42. Rf7 b4 43. Rxg7+ Kh8 44. Rgxe7+ 1-0

[Event "FIDE World Senior-50 CC 2023"]
[Site "Terrasini"]
[Date "2023.10.26"]
[Round "2.6"]
[White "Minasian, Artashes"]
[Black "Koganov, Mikhail"]
[Result "1-0"]
[ECO "B07"]
[WhiteElo "2462"]
[BlackElo "2170"]
[Annotator "RC"]
[PlyCount "135"]
[EventDate "2023.10.22"]
[EventType "swiss"]
[EventCountry "ITA"]
[SourceTitle "playchess.com"]
[Source "ChessBase"]
[SourceQuality "1"]
[TimeControl "40/5400+30:1800+30"]

1. e4 d6 2. d4 Nf6 3. Nc3 e5 4. Nge2 Nc6 5. h3 g6 6. Be3 Bg7 7. d5 Ne7 8. g4 h5 9. g5 Nd7 10. h4 Nb6 11. Ng3 c6 12. a4 cxd5 13. exd5 Nf5 14. Bb5+ Ke7 15. Nxf5+ Bxf5 16. a5 Nc8 17. f3 a6 18. Be2 Re8 19. Ne4 Kf8 20. Qd2 Re7 21. Ra3 Rc7 22. O-O Kg8 23. c4 Bxe4 24. fxe4 Kh7 25. Kh2 Qe8 26. b4 Bf8 27. Bg1 Ne7 28. Raf3 Ng8 29. Bb6 Rd7 30. Bd1 Re7 31. Qf2 f6 32. gxf6 Rf7 33. Be3 Bh6 34. Bg5 Qc8 35. Be2 Qd7 36. Qb6 Raf8 37. R3f2 Rc8 38. Qe3 Rcf8 39. Qh3 Qd8 40. Qe6 Bg7 41. Bxh5 Bxf6 42. Be2 Kg7 43. Qg4 Qe7 44. Rg2 Bxg5 45. Rxf7+ Rxf7 46. Qxg5 Qf6 47. h5 Qxg5 48. Rxg5 Ne7 49. hxg6 Rf2+ 50. Rg2 Rf4 51. c5 dxc5 52. bxc5 Rxe4 53. d6 Rh4+ 54. Kg3 Nf5+ 55. Kf2 Rf4+ 56. Ke1 Rd4 57. Rg5 Ne3 58. Rxe5 Nc2+ 59. Kf2 Kxg6 60. Re7 Kf6 61. Rxb7 Rd5 62. d7 Nd4 63. Bc4 Rf5+ 64. Ke3 Nc2+ 65. Kd2 Rf2+ 66. Kc3 Ke7 67. c6 Ne1 68. Rb8 1-0

[Event "FIDE World Senior-50 CC 2023"]
[Site "Terrasini"]
[Date "2023.10.26"]
[Round "2.7"]
[White "Chinchilla Miranda, Eugenio"]
[Black "Matamoros Franco, Carlos S."]
[Result "0-1"]
[ECO "C01"]
[WhiteElo "2179"]
[BlackElo "2455"]
[Annotator "RC"]
[PlyCount "56"]
[EventDate "2023.10.22"]
[EventType "swiss"]
[EventCountry "ITA"]
[SourceTitle "playchess.com"]
[Source "ChessBase"]
[SourceQuality "1"]
[TimeControl "40/5400+30:1800+30"]

1. d4 e6 2. c4 b6 3. e4 Bb4+ 4. Nd2 Bb7 5. Qc2 Nf6 6. Bd3 e5 7. Ngf3 exd4 8. Nxd4 O-O 9. O-O Re8 10. f3 Bf8 11. Kh1 a5 12. b3 Na6 13. Bb2 Nb4 14. Qb1 a4 15. Be2 a3 16. Bc3 d5 17. cxd5 Nfxd5 18. Qc1 Nxc3 19. Qxc3 Qf6 20. Nc4 Nc6 21. Nb5 Qxc3 22. Nxc3 Nd4 23. Rfd1 Bb4 24. Nd5 Bxd5 25. Rxd4 Bc3 26. Rxd5 Bxa1 27. Rd7 b5 28. Ne3 Red8 0-1

[Event "FIDE World Senior-50 CC 2023"]
[Site "Terrasini"]
[Date "2023.10.26"]
[Round "2.8"]
[White "Schnelzer, Reinhold"]
[Black "Mohr, Georg"]
[Result "1/2-1/2"]
[ECO "A73"]
[WhiteElo "2174"]
[BlackElo "2430"]
[Annotator "RC"]
[PlyCount "35"]
[EventDate "2023.10.22"]
[EventType "swiss"]
[EventCountry "ITA"]
[SourceTitle "playchess.com"]
[Source "ChessBase"]
[SourceQuality "1"]
[TimeControl "40/5400+30:1800+30"]

1. d4 Nf6 2. c4 c5 3. d5 e6 4. Nc3 exd5 5. cxd5 d6 6. e4 g6 7. Nf3 Bg7 8. Be2 O-O 9. O-O Bg4 10. Bf4 Bxf3 11. Bxf3 Ne8 12. Bg4 h5 13. Be2 Nd7 14. Qd2 a6 15. a4 Rc8 16. a5 Qe7 17. Ra4 Nc7 18. Bh6 1/2-1/2

[Event "FIDE World Senior-50 CC 2023"]
[Site "Terrasini"]
[Date "2023.10.26"]
[Round "2.9"]
[White "Atalik, Suat"]
[Black "Kalisky, Vladimir"]
[Result "1-0"]
[ECO "D06"]
[WhiteElo "2427"]
[BlackElo "2169"]
[Annotator "RC"]
[PlyCount "67"]
[EventDate "2023.10.22"]
[EventType "swiss"]
[EventCountry "ITA"]
[SourceTitle "playchess.com"]
[Source "ChessBase"]
[SourceQuality "1"]
[TimeControl "40/5400+30:1800+30"]

1. d4 d5 2. c4 c5 3. cxd5 Qxd5 4. Nf3 cxd4 5. Nc3 Qa5 6. Nxd4 Nf6 7. a3 e5 8. Nb3 Qc7 9. Bg5 Be6 10. Bxf6 gxf6 11. Nd5 Bxd5 12. Qxd5 Nc6 13. e3 Rd8 14. Qe4 Qd7 15. Bb5 a6 16. Bxc6 Qxc6 17. Qxc6+ bxc6 18. Nd2 Rg8 19. g3 f5 20. Ke2 Rg6 21. Rhc1 c5 22. Nc4 e4 23. Rd1 Re6 24. Rxd8+ Kxd8 25. Rd1+ Kc7 26. Rd5 Rf6 27. b3 Be7 28. f3 exf3+ 29. Kxf3 Bf8 30. h4 Kc8 31. h5 Kc7 32. a4 Kc6 33. Rd8 Be7 34. Ne5+ 1-0

[Event "FIDE World Senior-50 CC 2023"]
[Site "Terrasini"]
[Date "2023.10.26"]
[Round "2.10"]
[White "Stets, Vasyl"]
[Black "Lima, Darcy"]
[Result "0-1"]
[ECO "A48"]
[WhiteElo "2169"]
[BlackElo "2416"]
[Annotator "RC"]
[PlyCount "129"]
[EventDate "2023.10.22"]
[EventType "swiss"]
[EventCountry "ITA"]
[SourceTitle "playchess.com"]
[Source "ChessBase"]
[SourceQuality "1"]
[TimeControl "40/5400+30:1800+30"]

1. d4 Nf6 2. Bf4 g6 3. e3 Bg7 4. Nf3 O-O 5. Be2 d6 6. h3 b6 7. O-O Bb7 8. Nbd2 Nbd7 9. a4 a5 10. c3 Re8 11. Bh2 e5 12. Nc4 Ne4 13. Nfd2 Nxd2 14. Nxd2 Qe7 15. Bf3 e4 16. Be2 f5 17. Qb3+ Kh8 18. Rae1 Bh6 19. Kh1 Rg8 20. Bc4 Rg7 21. Bd5 Bxd5 22. Qxd5 Rf8 23. b4 Nf6 24. Qb5 axb4 25. cxb4 Qd7 26. Qxd7 Rxd7 27. a5 Nd5 28. Ra1 Nxb4 29. axb6 cxb6 30. Rab1 Nd3 31. Rxb6 d5 32. Rb8 Rxb8 33. Bxb8 Rb7 34. Bg3 Rb2 35. Nb1 g5 36. Nc3 f4 37. exf4 gxf4 38. Bh4 Bg7 39. Nxd5 Bxd4 40. Nf6 Bxf2 41. Bxf2 Nxf2+ 42. Rxf2 Rxf2 43. Nxe4 Re2 44. Nf6 Re5 45. Ng4 Re1+ 46. Kh2 Kg7 47. Nf2 Re3 48. Ng4 Re2 49. Kg1 Kg6 50. Kf1 Ra2 51. Ne5+ Kf5 52. Nf3 Ke4 53. Nh4 Rb2 54. Kg1 Ke3 55. Nf5+ Ke2 56. Nd4+ Kd3 57. Nf5 Rb5 58. Nh4 Ke2 59. Nf3 Rd5 60. h4 h6 61. Kh2 Kf1 62. Kh3 h5 63. Kh2 Rd3 64. Ng5 Rg3 65. Kh1 0-1

[Event "FIDE World Senior-50 CC 2023"]
[Site "Terrasini"]
[Date "2023.10.26"]
[Round "2.11"]
[White "Morin, Yves"]
[Black "Novik, Maxim"]
[Result "0-1"]
[ECO "B21"]
[WhiteElo "2169"]
[BlackElo "2375"]
[Annotator "RC"]
[PlyCount "80"]
[EventDate "2023.10.22"]
[EventType "swiss"]
[EventCountry "ITA"]
[SourceTitle "playchess.com"]
[Source "ChessBase"]
[SourceQuality "1"]
[TimeControl "40/5400+30:1800+30"]

1. e4 c5 2. d3 Nc6 3. f4 d5 4. Nc3 d4 5. Nce2 e5 6. Nf3 Bd6 7. g3 Bg4 8. Bg2 Nf6 9. h3 Bxf3 10. Bxf3 h5 11. Bg2 Nd7 12. O-O h4 13. g4 exf4 14. Nxf4 Nde5 15. Nd5 Nb4 16. Rf2 Nxd5 17. exd5 Qe7 18. Re2 O-O-O 19. Bf4 Qc7 20. Bxe5 Bxe5 21. Qf1 Bf4 22. Re4 Be3+ 23. Kh1 Kb8 24. c4 a6 25. Qf5 Rh6 26. Qe5 Rhd6 27. Rf1 f6 28. Qf5 Qa5 29. a3 Rb6 30. d6 Rxb2 31. Re7 Rxd6 32. Qe4 Rdb6 33. Qd5 Qd2 34. a4 a5 35. Rxg7 Bf4 36. Qf3 Rb1 37. Re7 Rxf1+ 38. Qxf1 Be5 39. g5 Qxg5 40. Qe1 Qe3 0-1

[Event "FIDE World Senior-50 CC 2023"]
[Site "Terrasini"]
[Date "2023.10.26"]
[Round "2.12"]
[White "Mrva, Martin"]
[Black "Fayard, Alain"]
[Result "1-0"]
[ECO "B11"]
[WhiteElo "2366"]
[BlackElo "2158"]
[Annotator "RC"]
[PlyCount "55"]
[EventDate "2023.10.22"]
[EventType "swiss"]
[EventCountry "ITA"]
[SourceTitle "playchess.com"]
[Source "ChessBase"]
[SourceQuality "1"]
[TimeControl "40/5400+30:1800+30"]

1. e4 c6 2. Nf3 d5 3. Nc3 dxe4 4. Nxe4 Nf6 5. Qe2 Nxe4 6. Qxe4 Nd7 7. Bc4 Nf6 8. Ne5 e6 9. Qe2 b5 10. Bb3 Qc7 11. d4 Bd6 12. Bg5 Bxe5 13. dxe5 Nd7 14. O-O-O O-O 15. Be7 Re8 16. Bd6 Qb6 17. Rd3 c5 18. Rh3 c4 19. Qe4 h6 20. Qxa8 Qxf2 21. Qf3 Qxf3 22. Rxf3 Bb7 23. Bxc4 bxc4 24. Ra3 a6 25. Rg1 f6 26. exf6 gxf6 27. Bf4 h5 28. Rh3 1-0

[Event "FIDE World Senior-50 CC 2023"]
[Site "Terrasini"]
[Date "2023.10.26"]
[Round "2.13"]
[White "Paschall, William"]
[Black "Grant, Jonathan I M"]
[Result "0-1"]
[ECO "D37"]
[WhiteElo "2329"]
[BlackElo "2150"]
[Annotator "RC"]
[PlyCount "65"]
[EventDate "2023.10.22"]
[EventType "swiss"]
[EventCountry "ITA"]
[SourceTitle "playchess.com"]
[Source "ChessBase"]
[SourceQuality "1"]
[TimeControl "40/5400+30:1800+30"]

1. Nf3 Nf6 2. c4 e6 3. d4 d5 4. Nc3 a6 5. cxd5 exd5 6. Bg5 Be6 7. e3 Nbd7 8. Bd3 Bd6 9. Bh4 c6 10. Bg3 Qc7 11. Rc1 O-O 12. Bb1 Rae8 13. Bxd6 Qxd6 14. Ng5 g6 15. Nxe6 Rxe6 16. O-O Nh5 17. Bf5 Re7 18. Bxd7 Qxd7 19. Na4 f5 20. Nc5 Qe8 21. Nd3 f4 22. Ne5 g5 23. Rc3 Ng7 24. Re1 Nf5 25. exf4 gxf4 26. Qg4+ Rg7 27. Qxf4 Qh5 28. a3 Nh4 29. Qd2 Rxg2+ 30. Kf1 Rxh2 31. Rg3+ Kh8 32. Ree3 Nf5 33. Ref3 0-1

[Event "FIDE World Senior-50 CC 2023"]
[Site "Terrasini"]
[Date "2023.10.26"]
[Round "2.14"]
[White "Cabe, Arlan"]
[Black "Minnican, Alan"]
[Result "1/2-1/2"]
[ECO "A21"]
[WhiteElo "2303"]
[BlackElo "2071"]
[Annotator "RC"]
[PlyCount "21"]
[EventDate "2023.10.22"]
[EventType "swiss"]
[EventCountry "ITA"]
[SourceTitle "playchess.com"]
[Source "ChessBase"]
[SourceQuality "1"]
[TimeControl "40/5400+30:1800+30"]

1. c4 e5 2. Nc3 d6 3. g3 f5 4. Bg2 Nf6 5. d4 Be7 6. b3 c6 7. Bb2 O-O 8. Qd2 Na6 9. Nh3 Nc7 10. O-O Qe8 11. f3 1/2-1/2

[Event "FIDE World Senior-50 CC 2023"]
[Site "Terrasini"]
[Date "2023.10.26"]
[Round "2.15"]
[White "Issakainen, Ari"]
[Black "Vlassov, Nikolai"]
[Result "0-1"]
[ECO "E10"]
[WhiteElo "2152"]
[BlackElo "2283"]
[Annotator "RC"]
[PlyCount "64"]
[EventDate "2023.10.22"]
[EventType "swiss"]
[EventCountry "ITA"]
[SourceTitle "playchess.com"]
[Source "ChessBase"]
[SourceQuality "1"]
[TimeControl "40/5400+30:1800+30"]

1. d4 Nf6 2. c4 Nc6 3. Nf3 e6 4. a3 g6 5. Nc3 Bg7 6. d5 Ne7 7. e4 d6 8. Be2 O-O 9. O-O exd5 10. cxd5 c6 11. dxc6 bxc6 12. Bg5 h6 13. Bf4 d5 14. exd5 Nexd5 15. Nxd5 Nxd5 16. Be5 Bxe5 17. Nxe5 Qf6 18. Nd3 Bf5 19. Qd2 Rad8 20. Nb4 Rfe8 21. Rfe1 a5 22. Nd3 Bxd3 23. Bxd3 Rxe1+ 24. Qxe1 Qxb2 25. g3 Nf6 26. Rb1 Qxa3 27. Bc4 Qc5 28. Bb3 Re8 29. Qd2 Ne4 30. Qf4 Qf5 31. Qe3 Nd6 32. Qc1 Re2 0-1

[Event "FIDE World Senior-50 CC 2023"]
[Site "Terrasini"]
[Date "2023.10.26"]
[Round "2.16"]
[White "Nadanian, Ashot"]
[Black "Filipovich, David"]
[Result "1-0"]
[ECO "A40"]
[WhiteElo "2279"]
[BlackElo "1938"]
[Annotator "RC"]
[PlyCount "37"]
[EventDate "2023.10.22"]
[EventType "swiss"]
[EventCountry "ITA"]
[SourceTitle "playchess.com"]
[Source "ChessBase"]
[SourceQuality "1"]
[TimeControl "40/5400+30:1800+30"]

1. d4 g6 2. c4 Bg7 3. Nc3 c5 4. d5 Bxc3+ 5. bxc3 f5 6. e4 fxe4 7. f3 Nf6 8. fxe4 d6 9. Bd3 Qa5 10. Qc2 Nbd7 11. Nf3 Ng4 12. O-O Nde5 13. Bf4 O-O 14. Bxe5 Ne3 15. Qc1 Nxf1 16. Qh6 Rf7 17. Ng5 Ne3 18. Nxf7 dxe5 19. Ng5 1-0

[Event "FIDE World Senior-50 CC 2023"]
[Site "Terrasini"]
[Date "2023.10.26"]
[Round "2.17"]
[White "Lasinskas, Povilas"]
[Black "Mantovani, Renzo"]
[Result "1-0"]
[ECO "D61"]
[WhiteElo "2143"]
[BlackElo "2236"]
[Annotator "RC"]
[PlyCount "140"]
[EventDate "2023.10.22"]
[EventType "swiss"]
[EventCountry "ITA"]
[SourceTitle "playchess.com"]
[Source "ChessBase"]
[SourceQuality "1"]
[TimeControl "40/5400+30:1800+30"]

1. d4 d5 2. c4 e6 3. Nf3 Nf6 4. Nc3 Be7 5. Bg5 Nbd7 6. e3 h6 7. Bh4 O-O 8. Qc2 a6 9. a3 dxc4 10. Bxc4 b5 11. Ba2 Bb7 12. Rd1 Qc8 13. O-O c5 14. d5 exd5 15. Nxd5 Nxd5 16. Bxd5 Nf6 17. Bxb7 Qxb7 18. Rd2 Rfd8 19. Rfd1 Rxd2 20. Rxd2 Rc8 21. h3 Ne4 22. Rd1 g5 23. Bg3 Nxg3 24. fxg3 Qc6 25. e4 c4 26. Nd4 Bc5 27. Kh2 Bxd4 28. Rxd4 Re8 29. Qd1 Qf6 30. Qd2 Re6 31. a4 Kg7 32. axb5 axb5 33. Rd5 Re5 34. Qb4 Rxe4 35. Rxb5 Qe7 36. Qc3+ Qf6 37. Rb4 Qxc3 38. bxc3 Kf6 39. Kg1 Ke5 40. Kf2 f5 41. Rb5+ Kf6 42. Rc5 h5 43. Rc6+ Ke5 44. Rg6 g4 45. Rh6 Kd5 46. Rxh5 Ke6 47. Rh6+ Ke7 48. h4 Kd7 49. h5 Ke7 50. Rc6 Kf7 51. h6 Kg8 52. Rc5 Re6 53. Rxf5 Rxh6 54. Rg5+ Kf7 55. Rxg4 Rc6 56. Kf3 Kf6 57. Rd4 Ke5 58. g4 Rc5 59. Kg3 Rc8 60. g5 Kf5 61. Rd5+ Ke4 62. Rd6 Ke5 63. Rf6 Rd8 64. Rf3 Rd2 65. Kh3 Ra2 66. g6 Ra6 67. Rg3 Ra8 68. g7 Rg8 69. Rg4 Kf6 70. Kh4 Rh8+ 1-0

[Event "FIDE World Senior-50 CC 2023"]
[Site "Terrasini"]
[Date "2023.10.26"]
[Round "2.18"]
[White "Estremera Panos, Sergio"]
[Black "Rusek, Walter"]
[Result "1-0"]
[ECO "A11"]
[WhiteElo "2232"]
[BlackElo "1832"]
[Annotator "RC"]
[PlyCount "53"]
[EventDate "2023.10.22"]
[EventType "swiss"]
[EventCountry "ITA"]
[SourceTitle "playchess.com"]
[Source "ChessBase"]
[SourceQuality "1"]
[TimeControl "40/5400+30:1800+30"]

1. Nf3 d5 2. e3 Nf6 3. c4 c6 4. Nc3 e6 5. b3 Nbd7 6. Bb2 Be7 7. d4 O-O 8. Bd3 dxc4 9. bxc4 b6 10. e4 Bb7 11. O-O a6 12. Re1 b5 13. e5 Ne8 14. c5 a5 15. Ne4 Nb8 16. Nd6 Qd7 17. Nd2 Na6 18. Re3 g6 19. a3 Bc8 20. h4 Ng7 21. N2e4 Qd8 22. Rh3 Nc7 23. h5 Nd5 24. Qd2 g5 25. h6 Ne8 26. Rg3 Nf4 27. Qxf4 1-0

[Event "FIDE World Senior-50 CC 2023"]
[Site "Terrasini"]
[Date "2023.10.26"]
[Round "2.19"]
[White "Folk, Petr"]
[Black "Plotkin, Victor"]
[Result "1/2-1/2"]
[ECO "C43"]
[WhiteElo "2109"]
[BlackElo "2229"]
[Annotator "RC"]
[PlyCount "103"]
[EventDate "2023.10.22"]
[EventType "swiss"]
[EventCountry "ITA"]
[SourceTitle "playchess.com"]
[Source "ChessBase"]
[SourceQuality "1"]
[TimeControl "40/5400+30:1800+30"]

1. e4 e5 2. Nf3 Nf6 3. d4 Nxe4 4. Bd3 Nc6 5. dxe5 d5 6. O-O Bg4 7. Nc3 Nxc3 8. bxc3 Be7 9. Re1 O-O 10. Rb1 Rb8 11. h3 Bh5 12. Rb5 d4 13. g4 a6 14. Rb1 Bg6 15. cxd4 b5 16. c3 Qd5 17. Bg5 Rbd8 18. Bxe7 Nxe7 19. a4 c6 20. Ng5 f6 21. exf6 Rxf6 22. Ne4 Rf7 23. axb5 axb5 24. Qb3 Rf3 25. Re3 Rxe3 26. fxe3 Qxb3 27. Rxb3 Nd5 28. Nc5 Nxe3 29. Kf2 Nd5 30. Bxg6 hxg6 31. Nd3 Rf8+ 32. Kg3 g5 33. Ne5 Rf6 34. h4 gxh4+ 35. Kxh4 Kh7 36. c4 bxc4 37. Nxc4 Rf4 38. Ne5 Nf6 39. Rc3 Rxd4 40. Rxc6 Re4 41. Rc5 Re1 42. Ra5 Ne4 43. Kh3 Re3+ 44. Kg2 Rg3+ 45. Kh2 Rc3 46. Kg2 Rg3+ 47. Kh2 Rc3 48. Kg2 Kh6 49. Nf3 Rc2+ 50. Kh3 Rc3 51. Kg2 Rc2+ 52. Kh3 1/2-1/2

[Event "FIDE World Senior-50 CC 2023"]
[Site "Terrasini"]
[Date "2023.10.27"]
[Round "3.1"]
[White "Novik, Maxim"]
[Black "Adams, Michael"]
[Result "1/2-1/2"]
[ECO "C54"]
[WhiteElo "2375"]
[BlackElo "2670"]
[Annotator "ChessBase"]
[PlyCount "68"]
[EventDate "2023.10.22"]
[EventType "swiss"]
[EventCountry "ITA"]
[SourceTitle "playchess.com"]
[Source "ChessBase"]
[SourceQuality "1"]
[TimeControl "40/5400+30:1800+30"]

1. e4 e5 2. Nf3 Nc6 3. Bc4 Bc5 4. c3 Nf6 5. d4 exd4 6. cxd4 Bb4+ 7. Bd2 Nxe4 8. Bxb4 Nxb4 9. Bxf7+ Kxf7 10. Qb3+ d5 11. Ne5+ Ke6 12. Qxb4 Qf8 13. Qxf8 Rxf8 14. f3 Ng5 15. h4 Nf7 16. Nxf7 Rxf7 17. Nc3 Bd7 18. Kf2 Kd6 19. g3 Raf8 20. f4 g6 21. Rhe1 h6 22. Re5 c6 23. Ke3 Bg4 24. Nd1 Bf5 25. Nc3 g5 26. hxg5 hxg5 27. Rf1 gxf4+ 28. Rxf4 Bd7 29. Ne2 a5 30. a3 b6 31. b4 axb4 32. axb4 c5 33. Rxf7 Rxf7 34. Nf4 Rf5 1/2-1/2

[Event "FIDE World Senior-50 CC 2023"]
[Site "Terrasini"]
[Date "2023.10.27"]
[Round "3.2"]
[White "Mrva, Martin"]
[Black "Morovic Fernandez, Ivan"]
[Result "0-1"]
[ECO "B45"]
[WhiteElo "2366"]
[BlackElo "2488"]
[Annotator "ChessBase"]
[PlyCount "100"]
[EventDate "2023.10.22"]
[EventType "swiss"]
[EventCountry "ITA"]
[SourceTitle "playchess.com"]
[Source "ChessBase"]
[SourceQuality "1"]
[TimeControl "40/5400+30:1800+30"]

1. e4 c5 2. Nf3 e6 3. d4 cxd4 4. Nxd4 Nf6 5. Nc3 Nc6 6. a3 Be7 7. f4 d5 8. e5 Nxd4 9. Qxd4 Nd7 10. Be3 O-O 11. O-O-O a6 12. Be2 Qc7 13. Bf3 Rb8 14. Rhe1 b5 15. Bxd5 b4 16. axb4 Rxb4 17. Qa7 Qa5 18. Bc6 Rxb2 19. Rd3 Ba3 20. Kd2 Bc5 21. Bxc5 Nxc5 22. Rd6 Bb7 23. Re3 h6 24. f5 Rc8 25. fxe6 fxe6 26. Rg3 Rxc6 27. Rxc6 Ne4+ 28. Kd3 Nxg3 29. Qb8+ Kh7 30. hxg3 Bxc6 31. Qxb2 Qxe5 32. Qb6 Qxg3+ 33. Kc4 Qxg2 34. Kb3 Bd5+ 35. Kb2 Qd2 36. Qb4 Qe3 37. Na4 h5 38. Nc5 e5 39. Qb6 Qd4+ 40. Kc1 h4 41. Qd6 h3 42. Ne6 Bxe6 43. Qxe6 Qf4+ 44. Kb2 h2 45. Qh3+ Kg6 46. Qg2+ Kf5 47. Kb3 Qe3+ 48. c3 Qg1 49. Qf3+ Kg5 50. Qb7 Qb1+ 0-1

[Event "FIDE World Senior-50 CC 2023"]
[Site "Terrasini"]
[Date "2023.10.27"]
[Round "3.3"]
[White "Vlassov, Nikolai"]
[Black "Bischoff, Klaus"]
[Result "1/2-1/2"]
[ECO "B22"]
[WhiteElo "2283"]
[BlackElo "2473"]
[Annotator "ChessBase"]
[PlyCount "44"]
[EventDate "2023.10.22"]
[EventType "swiss"]
[EventCountry "ITA"]
[SourceTitle "playchess.com"]
[Source "ChessBase"]
[SourceQuality "1"]
[TimeControl "40/5400+30:1800+30"]

1. e4 c5 2. c3 Nf6 3. e5 Nd5 4. d4 cxd4 5. cxd4 d6 6. Bc4 Nb6 7. Bb3 d5 8. Nc3 Nc6 9. Be3 Bf5 10. g4 Bd7 11. f4 e6 12. Nf3 Be7 13. O-O Na5 14. Bc2 Rc8 15. Bd3 Nbc4 16. Bc1 Qb6 17. Qe2 h5 18. h3 hxg4 19. hxg4 Nc6 20. Be3 Nxe3 21. Qxe3 Qxb2 22. Nb5 Qb4 1/2-1/2

[Event "FIDE World Senior-50 CC 2023"]
[Site "Terrasini"]
[Date "2023.10.27"]
[Round "3.4"]
[White "Nadanian, Ashot"]
[Black "Minasian, Artashes"]
[Result "1/2-1/2"]
[ECO "B09"]
[WhiteElo "2279"]
[BlackElo "2462"]
[Annotator "RC"]
[PlyCount "26"]
[EventDate "2023.10.22"]
[EventType "swiss"]
[EventCountry "ITA"]
[SourceTitle "playchess.com"]
[Source "ChessBase"]
[SourceQuality "1"]
[TimeControl "40/5400+30:1800+30"]

1. e4 g6 2. d4 Bg7 3. Nc3 d6 4. f4 Nf6 5. Nf3 c5 6. Bb5+ Bd7 7. e5 Ng4 8. e6 fxe6 9. Ng5 Bxb5 10. Nxe6 Bxd4 11. Nxd8 Bf2+ 12. Kd2 Be3+ 13. Ke1 Bf2+ 1/2-1/2

[Event "FIDE World Senior-50 CC 2023"]
[Site "Terrasini"]
[Date "2023.10.27"]
[Round "3.5"]
[White "Matamoros Franco, Carlos S."]
[Black "Estremera Panos, Sergio"]
[Result "1/2-1/2"]
[ECO "A13"]
[WhiteElo "2455"]
[BlackElo "2232"]
[Annotator "ChessBase"]
[PlyCount "35"]
[EventDate "2023.10.22"]
[EventType "swiss"]
[EventCountry "ITA"]
[SourceTitle "playchess.com"]
[Source "ChessBase"]
[SourceQuality "1"]
[TimeControl "40/5400+30:1800+30"]

1. c4 e6 2. g3 d5 3. Bg2 Nf6 4. Nf3 dxc4 5. Qa4+ Bd7 6. Qxc4 c5 7. Ne5 Qc8 8. Nc3 Nc6 9. Nxd7 Qxd7 10. O-O Rc8 11. Qa4 b6 12. d3 Be7 13. Bd2 O-O 14. Rfc1 Rfd8 15. Rab1 h6 16. Kf1 Bf8 17. a3 Na5 18. Qxd7 1/2-1/2

[Event "FIDE World Senior-50 CC 2023"]
[Site "Terrasini"]
[Date "2023.10.27"]
[Round "3.6"]
[White "Grant, Jonathan I M"]
[Black "Atalik, Suat"]
[Result "0-1"]
[ECO "A20"]
[WhiteElo "2150"]
[BlackElo "2427"]
[Annotator "ChessBase"]
[PlyCount "54"]
[EventDate "2023.10.22"]
[EventType "swiss"]
[EventCountry "ITA"]
[SourceTitle "playchess.com"]
[Source "ChessBase"]
[SourceQuality "1"]
[TimeControl "40/5400+30:1800+30"]

1. c4 e5 2. g3 Nf6 3. Bg2 c6 4. Nf3 e4 5. Nd4 d5 6. cxd5 Qxd5 7. Nc2 Qh5 8. h3 Qg6 9. Nc3 Bc5 10. Ne3 O-O 11. Qc2 Re8 12. b3 Na6 13. a3 Bd4 14. Bb2 Nc5 15. Rb1 Ncd7 16. Na4 Bxb2 17. Nxb2 Ne5 18. Nbc4 Nxc4 19. bxc4 Nd7 20. h4 h5 21. c5 Re5 22. Rb4 Nxc5 23. Rc4 b6 24. O-O Ba6 25. Qb2 Rae8 26. Rd4 Bxe2 27. Ra1 Nd3 0-1